 Dungeon Crawl Stone Soup version 0.21.1-1-g345015f (webtiles) character file.

104 Monsterracer the Ruffian (level 4, -4/38 HPs)
             Began as a Draconian Fighter on Feb 14, 2018.
             Slain by an orc
             ... wielding a cursed -1 morningstar
              (8 damage)
             ... on level 2 of the Dungeon.
             The game lasted 00:01:52 (1675 turns).

Monsterracer the Ruffian (Draconian Fighter)        Turns: 1675, Time: 00:01:53

Health: -4/38      AC:  5    Str: 18    XL:     4   Next: 52%
Magic:  4/4        EV: 10    Int:  9    God:
Gold:   126        SH:  9    Dex: 11    Spells: 3/3 levels left

rFire    . . .     SeeInvis .     - Unarmed
rCold    . . .     Gourm    .   a - +0 shield
rNeg     . . .     Faith    .   (armour unavailable)
rPois    .         Spirit   .   (helmet restricted)
rElec    .         Reflect  .   (no cloak)
rCorr    .         Harm     .   (no gloves)
MR       .....                  (no boots)
Stlth    +.........             (no amulet)
HPRegen  0.12/turn              (no ring)
MPRegen  0.09/turn              (no ring)

@: no status effects
A: unfitting armour, cold-blooded, AC +5
a: no special abilities


You were on level 2 of the Dungeon.
You were hungry.

You visited 1 branch of the dungeon, and saw 3 of its levels.

You collected 126 gold pieces.

Inventory:

Armour
 a - a +0 shield (worn)
Scrolls
 f - 3 scrolls of identify {unknown}
 g - a scroll of remove curse {unknown}
 i - a scroll of blinking {unknown}
 j - a scroll of teleportation {unknown}
Potions
 b - a potion of might
 d - a potion of curing {unknown}
 e - 3 potions of cancellation {unknown}
 h - a potion of agility {unknown}
 k - a potion of flight {unknown}
 l - a potion of invisibility {unknown}
Comestibles
 c - 2 rations


   Skills:
 - Level 3.2 Fighting
 - Level 2.6 Dodging
 - Level 3.0 Shields
 + Level 4.8 Unarmed Combat


You had 3 spell levels left.
You didn't know any spells.

Dungeon Overview and Level Annotations

Branches:
Dungeon (3/15)

Altars:
Dithmenos


Innate Abilities, Weirdness & Mutations

Your plain brown scales are hard. (AC +5)
You cannot fit into any form of body armour.
You are cold-blooded and may be slowed by cold attacks.


Message History

You barely resist.
You hit the orc priest but do no damage.
The orc priest is moderately wounded.
You block the orc's attack.
The orc priest hits you but does no damage.
You hit the orc priest.
The orc priest is heavily wounded.
The orc completely misses you.
The orc priest hits you but does no damage.
You closely miss the orc priest.
The orc priest is heavily wounded.
The orc priest miscasts a cantrip.
The orc closely misses you.
You hit the orc priest but do no damage.
The orc priest is heavily wounded.
The orc priest misses you.
You hit the orc priest but do no damage.
The orc priest is heavily wounded.
The orc barely misses you.
The orc priest hits you but does no damage.
You hit the orc priest.
The orc priest is severely wounded.
The orc barely misses you. The orc priest hits you with a club.
You take 3 damage, and have 22/38 hp.
You closely miss the orc priest.
The orc priest is severely wounded.
You block the orc's attack.
You hit the orc priest.
The orc priest is almost dead.
The orc priest hits you but does no damage.
The orc misses you.
You closely miss the orc priest.
The orc priest is almost dead.
The orc priest looks braver for a moment.
The orc hits you with a flail!
* * * LOW HITPOINT WARNING * * *
You take 9 damage, and have 13/38 hp.
MASSIVE DAMAGE!!
You hit the orc priest but do no damage.
The orc priest is almost dead.
The orc priest hits you with a club.
* * * LOW HITPOINT WARNING * * *
You take 2 damage, and have 11/38 hp.
You hit the orc priest but do no damage.
The orc priest is almost dead.
The orc barely misses you. You block the orc priest's attack.
You barely miss the orc priest.
The orc priest is almost dead.
The orc hits you with a flail.
* * * LOW HITPOINT WARNING * * *
The orc priest hits you but does no damage.
You take 3 damage, and have 8/38 hp.
You hit the orc priest.
You kill the orc priest!
The orc hits you but does no damage.
You hit the orc but do no damage.
Your tail-slap misses the orc.
You block the orc's attack.
You hit the orc but do no damage.
You tail-slap the orc, but do no damage.
The orc hits you with a flail.
* * * LOW HITPOINT WARNING * * *
You take 2 damage, and have 7/38 hp.
You hit the orc.
You kill the orc!
Things that are here:
a flail; a chain mail; an orc corpse You regained 2 hp, and now have 9/38 hp.
There is a stone staircase leading up here.
You see here a ring mail.
There is a stone staircase leading down, spattered with blood here.
You start resting.
You are feeling hungry.
You regained 10 hp, and now have 20/38 hp.
You climb downwards.
You block the orc's attack.
A frilled lizard comes into view.
There is a stone staircase leading up here.
You are too injured to fight recklessly!
You are too injured to fight recklessly!
You hit the orc.
The orc is lightly wounded.
The orc hits you with a morningstar!
* * * LOW HITPOINT WARNING * * *
An orc wizard comes into view. It is wielding a dagger.
You take 7 damage, and have 14/38 hp.
You closely miss the orc.
The orc is lightly wounded.
The orc hits you with a morningstar.
* * * LOW HITPOINT WARNING * * *
You take 4 damage, and have 10/38 hp.
The orc barely misses you.
You climb upwards.
There is a stone staircase leading down, spattered with blood here.
You hit the orc but do no damage.
The orc is lightly wounded.
The orc hits you with a morningstar!
* * * LOW HITPOINT WARNING * * *
You take 7 damage, and have 3/38 hp.
You barely miss the orc. The orc barely misses you.
You barely miss the orc.
Your tail-slap misses the orc.
You closely miss the orc. The orc hits you with a morningstar!
You die...

############### #.........<†..#
#.###########.# ####.####### #.#
....(......#####.######
####.#####............### #.#
###...o.[......# #.#
#.###@####.#.# #.# #.#
#.####.#.### #.#######.#
#..[.<.....####### #.........#
#..###.#.#.#......
#..##########..# #.#.#.#.#####
#..............# #.#(#.#.# #
##.###########.###.#.#.#.#####
##.###########.##.............
####...##.......#.##..###.#######


You could see an orc.

Vanquished Creatures
  An orc priest (D:2)
  Terence (D:2)
  An adder (D:2)
  3 worms (D:2)
  3 leopard geckos
  2 orcs (D:2)
  2 giant cockroaches
  3 goblins (D:1)
  2 hobgoblins (D:1)
  2 jackals (D:2)
  3 bats
  2 frilled lizards (D:1)
  2 kobolds
  3 rats
30 creatures vanquished.

Notes
Turn   | Place    | Note
-------+----------+-------------------------------------------
     0 | D:1      | Monsterracer the Draconian Fighter began the quest for the Orb.
     0 | D:1      | Reached XP level 1. HP: 19/19 MP: 1/1
   112 | D:1      | Reached XP level 2. HP: 26/26 MP: 2/2
   294 | D:1      | Reached skill level 3 in Unarmed Combat
   582 | D:2      | Reached XP level 3. HP: 24/31 MP: 3/3
  1131 | D:2      | Noticed Terence
  1141 | D:2      | Killed Terence
  1141 | D:2      | Reached skill level 4 in Unarmed Combat
  1141 | D:2      | Reached XP level 4. HP: 22/38 MP: 4/4
  1520 | D:3      | Found a shadowy altar of Dithmenos.
  1546 | D:2      | HP: 13/38 [orc/flail (9)]
  1552 | D:2      | HP: 7/38 [orc/flail (2)]
  1668 | D:3      | HP: 14/38 [orc/morningstar (7)]
  1672 | D:2      | HP: 3/38 [orc/morningstar (7)]
  1675 | D:2      | Slain by an orc

Skill      XL: |  1  2  3 |
---------------+----------+-----
Unarmed Combat | 3 4 |  4.8
Fighting       | |  3.2
Dodging        | |  2.6
Shields        | |  3.0

Action                   |  1- 3 |  4- 6 || total
-------------------------+-------+-------++-------
Melee: Unarmed           |   104 |    33 ||   137
       Tailslap          |    19 |     3 ||    22
 Stab: Sleeping          |     1 |     1 ||     2
  Eat: Chunk             |       |     2 ||     2
Armor: Skin              |    18 |     7 ||    25
Dodge: Dodged            |    29 |    17 ||    46
Block: Shield            |    39 |    11 ||    50

Vault maps used:
D:1:      scummos_arrival_simple_crosswalls
D:2:      uniq_terence
D:3:      grunt_dithmenos_smoke_and_mirrors
